 Dungeon Crawl Stone Soup version 0.26.1-11-gd32895ea62 (webtiles) character file.

Game seed: 10617450507085693618

3083 Vey the Cleaver (level 9, 0/81 HPs)
             Began as a Minotaur Fighter on May 7, 2021.
             Was a Believer of Makhleb.
             Slain by a tengu warrior
             ... wielding a +0 bardiche
             ... led by a tengu warrior
              (2 damage)
             ... on level 8 of the Dungeon.
             The game lasted 00:56:44 (7756 turns).

Vey the Cleaver (Minotaur Fighter)                  Turns: 7756, Time: 00:56:45

Health: 0/81       AC: 13    Str: 36    XL:     9   Next: 58%
Magic:  8/8        EV:  6    Int:  5    God:    Makhleb [**....]
Gold:   332        SH: 16    Dex:  5    Spells: 8/8 levels left

rFire    . . .     SeeInvis .   s - +0 war axe
rCold    + + .     Faith    .   c - +0 kite shield
rNeg     . . .     Spirit   .   a - +1 chain mail "Fichauv" {Str+3}
rPois    .         Reflect  .   (helmet restricted)
rElec    .         Harm     .   (no cloak)
rCorr    .         Rampage  .   (no gloves)
Will     .....                  t - +0 pair of boots
Stlth    ..........             (no amulet)
HPRegen  0.23/turn              i - ring "Bojit" {rC++ EV-4 Str+8 Dex-4} (curse)
MPRegen  0.11/turn              (no ring)

@: no status effects
A: retaliatory headbutt, horns 2, repulsion field 1, large bone plates 1
a: Renounce Religion, Minor Destruction


You were on level 8 of the Dungeon.
You worshipped Makhleb.
Makhleb was pleased with you.
You visited 2 branches of the dungeon, and saw 9 of its levels.
You also visited: Sewer.

You collected 367 gold pieces.
You spent 35 gold pieces at shops.

Inventory:

Hand Weapons
 d - a +0 hand axe of flaming
 s - a +0 war axe (weapon)
Armour
 a - the +1 chain mail "Fichauv" (worn) {Str+3}
   (You found it on level 6 of the Dungeon)

   It affects your strength (+3).
 c - a +0 kite shield (worn)
 g - a +0 troll leather armour {Purgy}
 t - a +0 pair of boots (worn)
Jewellery
 i - the cursed ring "Bojit" (left hand) {rC++ EV-4 Str+8 Dex-4}
   (You found it on level 6 of the Dungeon)

   [ring of evasion]

   It affects your evasion (-4).
   It affects your strength (+8).
   It affects your dexterity (-4).
   It greatly protects you from cold.
   It has a curse placed upon it.
Scrolls
 b - 3 scrolls of magic mapping
 f - 6 scrolls of identify
 l - 6 scrolls of teleportation
 u - 2 scrolls of blinking
 v - a scroll of silence {unknown}
Potions
 e - a potion of resistance {unknown}
 h - 5 potions of flight
 j - 2 potions of mutation
 k - a potion of heal wounds
 m - 5 potions of haste
 n - 3 potions of might
 o - 2 potions of attraction {unknown}
 p - 2 potions of invisibility {unknown}
 q - 2 potions of berserk rage
 r - a potion of ambrosia {unknown}


   Skills:
 + Level 8.1 Fighting
 * Level 10.3 Axes
 + Level 8.1 Armour
 + Level 8.1 Shields


You had 8 spell levels left.
You didn't know any spells.
Your spell library was empty.

Dungeon Overview and Level Annotations

Branches:
Dungeon (8/15)             Temple (1/1) D:5           Sewer (visited)
   Lair: D:8-11

Altars:
Ashenzari
Cheibriados
Dithmenos
Elyvilon
Fedhas
Gozag
Hepliaklqana
Kikubaaqudgha
Makhleb
Nemelex Xobeh
Okawaru
Qazlal
Ru
Sif Muna
Trog
Uskayaw
Vehumet
Wu Jian
Xom
Yredelemnul
Zin
The Shining One

Shops:
D:7 ?   D:8 (?([


Innate Abilities, Weirdness & Mutations

You reflexively headbutt those who attack you in melee.
You have a pair of horns on your head.
You are surrounded by a mild repulsion field. (EV +2)
You are partially covered in large bone plates. (SH +4)


Message History

You hit the tengu warrior. You headbutt the tengu warrior!
The tengu warrior is severely wounded.
The tengu warrior barely misses you.
You block the tengu warrior's attack. x2
The tengu warrior hits you from afar with a +0 bardiche!
* * * LOW HITPOINT WARNING * * *
You hit the tengu warrior but do no damage.
The tengu warrior is severely wounded.
The tengu warrior hits you with a +0 war axe!
* * * LOW HITPOINT WARNING * * *
You block the tengu warrior's attack.
The tengu warrior claws you but does no damage.
You hit the tengu warrior but do no damage.
Your headbutt misses the tengu warrior.
The tengu warrior is severely wounded.
The tengu warrior hits you with a +0 war axe.
* * * LOW HITPOINT WARNING * * *
You block the tengu warrior's attack. The tengu warrior claws you.
* * * LOW HITPOINT WARNING * * *
The tengu warrior hits you from afar with a +0 bardiche.
You die...

. ...
#.####..<......#(###...
#.# ##.######.#.#....#
..# #.# #........# ...
..# #.#.#....#
#########...#.....
#.......##..##.##.
#.................
#(......#....#.##.
##.#.##@......#.........
.....QQ(......)......#..
..#..##.......#..>####..
.... #.......#.#.# ...
#.......#.#.# ..
#####...###.# . ##.#..
.. .#..... .# ..


You could see 2 tengu warriors.

Vanquished Creatures
  The ghost of Quickbrownfox the Skirmisher, an amateur MiMo (D:3)
  A steam dragon (D:8)
  2 orc warriors
  Purgy (Sewer)
  An ice beast (D:7)
  A sky beast (D:8)
  A phantom (D:6)
  A black bear (D:6)
  4 centaurs (D:8)
  4 ogres
  A big kobold (D:7)
  2 bullfrogs
  A gnoll sergeant (D:6)
  3 scorpions
  A howler monkey (D:6)
  A hound (D:6)
  2 jellies
  A bullfrog skeleton (D:8)
  6 orc priests
  7 orc wizards
  A centaur skeleton (D:4)
  Jessica (D:3)
  2 iguanas
  5 worker ants
  A howler monkey zombie (D:7)
  3 gnolls (D:6)
  A howler monkey skeleton (D:4)
  15 adders
  A shadow imp (D:6)
  2 white imps (D:8)
  An ufetubus (D:8)
  An ooze (D:6)
  An adder skeleton (D:7)
  An adder zombie (D:5)
  2 worms
  3 dart slugs
  8 leopard geckos
  18 orcs
  4 bats
  9 giant cockroaches
  5 goblins
  6 hobgoblins
  6 quokkas
  6 ball pythons (D:4)
  12 frilled lizards
  13 kobolds
  A quokka skeleton (D:4)
  2 rats
173 creatures vanquished.

Notes
Turn   | Place    | Note
-------+----------+-------------------------------------------
     0 | D:1      | Vey the Minotaur Fighter began the quest for the Orb.
     0 | D:1      | Reached XP level 1. HP: 19/19 MP: 0/0
   669 | D:1      | Reached XP level 2. HP: 27/27 MP: 1/1
  1164 | D:2      | Reached skill level 3 in Axes
  1169 | D:2      | Reached XP level 3. HP: 25/33 MP: 2/2
  1566 | D:3      | Reached XP level 4. HP: 14/40 MP: 3/3
  1831 | D:3      | Reached skill level 4 in Axes
  2014 | D:3      | Noticed Jessica
  2019 | D:3      | Killed Jessica
  2020 | D:3      | Reached XP level 5. HP: 47/47 MP: 4/4
  2258 | D:3      | Found a runed translucent door.
  2259 | D:3      | Noticed Quickbrownfox's ghost (amateur MiMo)
  2278 | D:3      | Killed Quickbrownfox's ghost
  2279 | D:3      | Reached skill level 5 in Axes
  2279 | D:3      | Reached skill level 5 in Armour
  2279 | D:3      | Reached XP level 6. HP: 10/55 MP: 5/5
  2282 | D:3      | Found a runed translucent door.
  2659 | D:4      | Reached skill level 5 in Fighting
  2760 | D:4      | Got a distressingly furry chain mail
  2853 | D:4      | Found a glowing drain.
  2856 | D:4      | Reached skill level 5 in Shields
  2876 | Sewer    | Entered a sewer
  2894 | Sewer    | Noticed Purgy
  2902 | Sewer    | Killed Purgy
  3768 | D:4      | Reached XP level 7. HP: 58/61 MP: 6/6
  3832 | D:4      | Reached skill level 6 in Axes
  3994 | D:5      | Entered Level 5 of the Dungeon
  4232 | D:5      | Reached skill level 7 in Axes
  4241 | D:5      | Found a staircase to the Ecumenical Temple.
  4269 | Temple   | Entered the Ecumenical Temple
  4966 | Temple   | Became a worshipper of Makhleb the Destroyer
  5087 | D:5      | Reached XP level 8. HP: 43/70 MP: 7/7
  5095 | D:5      | Found a shimmering blue altar of Sif Muna.
  5362 | D:5      | Got a spiked helmet
  5459 | D:5      | Gained mutation: You are surrounded by a mild repulsion
                  | field. (EV +2) [potion of mutation]
  5459 | D:5      | Gained mutation: You are partially covered in large bone
                  | plates. (SH +4) [potion of mutation]
  6049 | D:6      | Got a smoking chain mail
  6050 | D:6      | Identified the cursed +1 chain mail "Fichauv" {Str+3} (You
                  | found it on level 6 of the Dungeon)
  6154 | D:6      | Reached skill level 8 in Axes
  6169 | D:6      | Reached * piety under Makhleb
  6213 | D:6      | Got a glittering bone ring
  6214 | D:6      | Identified the cursed ring "Bojit" {rC++ EV-4 Str+8 Dex-4}
                  | (You found it on level 6 of the Dungeon)
  6255 | D:6      | Found a shadowy altar of Dithmenos.
  6522 | D:6      | Found a bloodstained altar of Trog.
  6668 | D:6      | Reached skill level 9 in Axes
  6836 | D:7      | Found Ruhimi Biet's Magic Scroll Boutique.
  6985 | D:7      | Reached XP level 9. HP: 69/79 MP: 8/8
  7055 | D:7      | Found a radiant altar of Vehumet.
  7055 | D:7      | Found an ancient bone altar of Kikubaaqudgha.
  7056 | D:7      | Found a sacrificial altar of Ru.
  7057 | D:7      | Found a stormy altar of Qazlal.
  7059 | D:7      | Found an opulent altar of Gozag.
  7059 | D:7      | Found a white marble altar of Elyvilon.
  7060 | D:7      | Found a sparkling altar of Nemelex Xobeh.
  7347 | D:8      | Found Ihuvuor's Magic Scroll Boutique.
  7413 | D:8      | Found Caler's Weapon Shop.
  7469 | D:8      | Bought a scroll of magic mapping for 35 gold pieces
  7504 | D:8      | Found Daemauh's Weapon Emporium.
  7505 | D:8      | Found Yfasudo's Armour Shop.
  7542 | D:8      | Reached skill level 10 in Axes
  7575 | D:8      | Reached ** piety under Makhleb
  7736 | D:8      | Noticed a tengu warrior
  7739 | D:8      | Noticed a tengu warrior
  7756 | D:8      | HP: 2/81 [tengu warrior/+0 war axe (5)]
  7756 | D:8      | Slain by a tengu warrior

Illustrated notes

Levels and vault maps discovered:
D:1:      amcnicky_arrival_blooded_trapdoor, layout_basic
D:2:      layout_loops_ring
D:3:      layout_loops_ring, ebering_ghost_sewer_f, grunt_ministairs_6,
          amcnicky_mini_rare_corridor_liquid, uniq_jessica
D:4:      layout_basic, gup_sewer_entry_pipe, hangedman_decor_clover_reticule,
          minmay_snake_closets
D:5:      layout_cave_pods, kennysheep_mini_moat,
          minmay_temple_entry_statues_fountains
D:6:      layout_rooms, grunt_dithmenos_shadows, trog_butcher_becter
D:7:      layout_cave_pools, grunt_temple_overflow_open, serial_shops,
          shop_fountains
D:8:      layout_basic, serial_shops, kennysheep_little_box, nicolae_shop_stone,
          shop, nicolae_shop_window_shopping, kennysheep_generic_room_15
Temple:   oiseaux_autumnal_temple

Skill      XL: |  1  2  3  4  5  6  7  8  9 |
---------------+----------------------------+-----
Armour         | 4 5 6 7 8 |  8.1
Fighting       | 4 5 6 7 8 |  8.1
Axes           | 3 4 5 7 9 10 | 10.3
Shields        | 4 5 6 7 8 |  8.1

Action                   |  1- 3 |  4- 6 |  7- 9 || total
-------------------------+-------+-------+-------++-------
Melee: War axe           |    77 |   112 |   287 ||   476
       Headbutt          |    12 |    16 |    49 ||    77
  Use: Scroll            |     2 |    12 |     2 ||    16
       Potion            |       |     1 |     3 ||     4
Armor: Scale mail        |    30 |    48 |    20 ||    98
       Chain mail        |       |       |    57 ||    57
Dodge: Dodged            |    15 |    49 |    50 ||   114
Block: Kite shield       |    35 |    57 |   224 ||   316
